[Event "Titled Tuesday Blitz January 17 Early 2023"]
[White "Buscar, Michael"]
[Black "Weetik, Vjacheslav"]
[WhiteFideId "2603616"]
[BlackFideId "4153472"]
[WhiteElo "2041"]
[BlackElo "2423"]
[Result "0-1"]
[Round "09"]
[TimeControl "180+2"]
[Date "2023.01.17"]
[WhiteClock "0:00:21"]
[BlackClock "0:00:04"]

1. Nf3 f5 2. d4 Nf6 3. g3 g6 4. Bg2 Bg7 5. O-O O-O 6. c4 d6 7. b3 Ne4 8. Bb2 c5 9. Nfd2 Nc6 10. Nxe4 fxe4 11. Bxe4 cxd4 12. Bxc6 bxc6 13. Bxd4 e5 14. Bb2 Bh3 15. Re1 Qf6 16. f3 Rad8 17. Nd2 d5 18. cxd5 cxd5 19. Rc1 Bh6 20. f4 Qb6+ 21. e3 exf4 22. Bd4 Qb4 23. Bc5 Qb7 24. Bxf8 Rxf8 25. gxf4 d4 26. Qf3 Qxf3 27. Nxf3 dxe3 28. Ng5 Bg4 29. Rxe3 Rxf4 30. Rc8+ Bxc8 31. Re8+ Rf8 32. Rxf8+ Bxf8 33. Ne4 Bf5 34. Nd2 Bb4 35. Nc4 Bb1 36. a3 Bc5+ 37. Kg2 Ba2 38. Na5 Bxa3 39. Kf3 Bc5 40. Nc6 Bxb3 41. Ke4 Bb6 42. Ne7+ Kg7 43. Nc8 Bf7 44. Nd6 Be6 45. h4 h5 46. Kf3 a5 47. Nb5 a4 48. Ke4 Bc5 49. Nc7 Bf7 50. Na6 Bd6 0-1


[Site "https://www.chess.com"]

[Event "Titled Tuesday Blitz January 17 Early 2023"]
[White "Forgacs, Attila Jr."]
[Black "Atakhan, Abtin"]
[WhiteFideId "773654"]
[BlackFideId "22502203"]
[WhiteElo "2264"]
[BlackElo "2422"]
[Result "1/2-1/2"]
[Round "09"]
[TimeControl "180+2"]
[Date "2023.01.17"]
[WhiteClock "0:00:09"]
[BlackClock "0:00:20"]

1. e4 c5 2. Nf3 d6 3. d4 cxd4 4. Nxd4 Nf6 5. Nc3 a6 6. f3 e5 7. Nb3 Be7 8. Be3 Be6 9. Qd2 h5 10. Be2 Nbd7 11. Nd5 Nxd5 12. exd5 Bf5 13. c4 a5 14. a4 b6 15. O-O O-O 16. Rad1 Bg6 17. f4 exf4 18. Bxf4 Re8 19. Nd4 Ne5 20. Nc6 Nxc6 21. dxc6 Qc7 22. Bf3 Rad8 23. Bd5 Bf6 24. Bg5 Bxg5 25. Qxg5 Re5 26. Qg3 Rde8 27. Rde1 Rxe1 28. Rxe1 Kf8 29. Rxe8+ Kxe8 30. Qe3+ Kd8 31. Kf2 f6 32. Qe6 Qe7 33. Qg8+ Be8 34. Be6 Kc7 35. Bd5 g5 36. Qh8 h4 37. h3 Bxc6 38. Bxc6 Kxc6 39. Qc8+ Qc7 40. Qa8+ Kd7 41. Qf8 Qc5+ 42. Kf3 Qf5+ 43. Ke3 Qf4+ 44. Ke2 Qxc4+ 45. Kf2 Qd4+ 46. Kf1 Qd3+ 47. Kf2 Qd2+ 48. Kg1 Qc1+ 49. Kh2 Qxb2 50. Qf7+ Kc6 51. Qc4+ Kb7 52. Qf7+ Kb8 53. Qf8+ Kc7 54. Qf7+ Kd8 55. Qf8+ Kd7 56. Qf7+ Kc8 57. Qf8+ Kb7 58. Qf7+ Ka8 59. Qf8+ Ka7 60. Qf7+ Ka6 61. Qc4+ Kb7 62. Qf7+ 1/2-1/2


[Site "https://www.chess.com"]

[Event "Titled Tuesday Blitz January 17 Early 2023"]
[White "Tologon tegin, Semetei"]
[Black "Qashashvili, Alexandre"]
[WhiteFideId "13800574"]
[BlackFideId "13600842"]
[WhiteElo "2372"]
[BlackElo "2505"]
[Result "1-0"]
[Round "09"]
[TimeControl "180+2"]
[Date "2023.01.17"]
[WhiteClock "0:00:40"]
[BlackClock "0:00:01"]

1. Nf3 c6 2. g3 d5 3. Bg2 Nf6 4. O-O Bf5 5. d3 Qc8 6. Re1 Bh3 7. Bh1 h5 8. c4 h4 9. cxd5 hxg3 10. hxg3 cxd5 11. Nc3 Nc6 12. Bf4 Qf5 13. Nb5 Rc8 14. e4 Qh7 15. Ng5 Qg6 16. Nxh3 Rxh3 17. Bg2 Rh8 18. Nc7+ Kd8 19. Nxd5 e6 20. Nxf6 Qxf6 21. d4 Be7 22. d5 exd5 23. exd5 Nd4 24. Be5 Qa6 25. Qxd4 Bc5 26. Qg4 Qg6 27. Qxg6 fxg6 28. Bxg7 Rh7 29. Be5 Be7 30. d6 Bg5 31. f4 Bh6 32. Rac1 Rxc1 33. Rxc1 g5 34. Be4 Rf7 35. Bd5 Rh7 36. Be6 Rd7 37. Bf6+ 1-0


[Site "https://www.chess.com"]

[Event "Titled Tuesday Blitz January 17 Early 2023"]
[White "Miszler, Levente"]
[Black "Iskusnyh, Sergei"]
[WhiteFideId "763276"]
[BlackFideId "4120027"]
[WhiteElo "2271"]
[BlackElo "2440"]
[Result "1-0"]
[Round "09"]
[TimeControl "180+2"]
[Date "2023.01.17"]
[WhiteClock "0:00:04"]
[BlackClock "0:00:01"]

1. Nf3 d5 2. c4 c6 3. g3 Nf6 4. Bg2 Bf5 5. O-O e6 6. Qb3 Qb6 7. d3 Nbd7 8. Nbd2 h6 9. Qxb6 axb6 10. b3 Ba3 11. Bxa3 Rxa3 12. Nb1 Ra7 13. Nc3 O-O 14. a4 Nc5 15. Nd4 Bg6 16. b4 Ncd7 17. a5 Rfa8 18. Ndb5 cxb5 19. Nxb5 bxa5 20. Nxa7 Rxa7 21. Rxa5 Rxa5 22. bxa5 Nc5 23. cxd5 Nxd5 24. Rb1 Nc3 25. Rb2 Nd5 26. Bxd5 exd5 27. Rb5 Na6 28. Rxb7 Bf5 29. Ra7 Nc5 30. Ra8+ Kh7 31. a6 Nxa6 32. Rxa6 g5 33. Ra5 Be6 34. Kg2 Kg7 35. Kf3 Kf6 36. Ke3 Ke5 37. d4+ Kf5 38. Ra6 1-0


[Site "https://www.chess.com"]

[Event "Titled Tuesday Blitz January 17 Early 2023"]
[White "Gutkin, Ilya"]
[Black "Osmak, Yuliia"]
[WhiteFideId "16203470"]
[BlackFideId "14101602"]
[WhiteElo "2273"]
[BlackElo "2440"]
[Result "1-0"]
[Round "09"]
[TimeControl "180+2"]
[Date "2023.01.17"]
[WhiteClock "0:00:04"]
[BlackClock "0:00:01"]

1. e4 Nc6 2. d4 d5 3. e5 Bf5 4. Bd3 Bxd3 5. Qxd3 e6 6. c3 f6 7. exf6 Nxf6 8. Nf3 Bd6 9. O-O O-O 10. Re1 Ng4 11. h3 e5 12. hxg4 e4 13. Qb5 exf3 14. Qxd5+ Kh8 15. Qg5 Be7 16. Qh5 fxg2 17. Kxg2 g6 18. Qh3 Bh4 19. Be3 Qf6 20. Rh1 g5 21. Nd2 Rae8 22. Nf3 Qf7 23. Nxh4 gxh4 24. Qxh4 Rxe3 25. Qxh7+ Qxh7 26. Rxh7+ Kxh7 27. fxe3 Kg6 28. Rh1 Nd8 29. Rh5 Ne6 30. Re5 Rf6 31. e4 c6 32. Rf5 Nf4+ 33. Kf3 Nd3 34. b3 Nc1 35. Rxf6+ Kxf6 36. Ke3 Nxa2 37. Kd2 b5 38. b4 a5 39. bxa5 b4 40. cxb4 Nxb4 41. Kc3 Na6 42. Kc4 Ke6 43. d5+ cxd5+ 44. exd5+ Ke5 45. Kb5 Nc7+ 46. Kc6 Nxd5 47. g5 Nb4+ 48. Kb5 Nd5 49. g6 Kf6 50. Kc5 Nc7 51. Kc6 Na6 52. Kb6 Nb4 53. Kb5 1-0


[Site "https://www.chess.com"]

[Event "Titled Tuesday Blitz January 17 Early 2023"]
[White "TacticalSam94"]
[Black "Bazarov, Konstantin"]
[BlackFideId "4137000"]
[WhiteElo "2382"]
[BlackElo "2235"]
[Result "0-1"]
[Round "09"]
[TimeControl "180+2"]
[Date "2023.01.17"]
[WhiteClock "0:01:33"]
[BlackClock "0:02:10"]

1. e4 c6 2. d4 d5 3. exd5 cxd5 4. Bd3 Nc6 5. c3 Nf6 6. Nf3 Bg4 7. Bf4 e6 8. Nbd2 Bd6 9. Bxd6 Qxd6 10. O-O O-O 11. Qe2 Rfe8 12. Rae1 e5 13. dxe5 Nxe5 14. Kh1 Nxf3 15. Qxe8+ Rxe8 16. Rxe8+ Nxe8 17. Nxf3 Bxf3 18. gxf3 Qf4 19. Bxh7+ Kxh7 20. Rc1 Qxc1+ 21. Kg2 Nf6 22. c4 d4 23. c5 d3 24. c6 bxc6 25. b4 d2 26. a4 d1=Q 27. b5 Qg1+ 28. Kh3 Qcf1+ 29. Kh4 g5# 0-1


[Site "https://www.chess.com"]

[Event "Titled Tuesday Blitz January 17 Early 2023"]
[White "Ovezdurdyyeva, Jemal"]
[Black "Kozin, Yuri"]
[WhiteFideId "14001888"]
[BlackFideId "4129920"]
[WhiteElo "2078"]
[BlackElo "2251"]
[Result "0-1"]
[Round "09"]
[TimeControl "180+2"]
[Date "2023.01.17"]
[WhiteClock "0:01:22"]
[BlackClock "0:01:34"]

1. e4 c5 2. Nf3 e6 3. c3 Nf6 4. Bd3 d5 5. exd5 Nxd5 6. O-O Be7 7. Bc2 O-O 8. d4 cxd4 9. cxd4 Nc6 10. Nc3 Nxc3 11. bxc3 b6 12. Qd3 g6 13. Bh6 Re8 14. Ba4 Bb7 15. Rfd1 Bf8 16. Bxf8 Rxf8 17. c4 Qf6 18. d5 Rad8 19. Qa3 Na5 20. Bb3 exd5 21. cxd5 Bxd5 22. Bxd5 Rxd5 23. Rac1 Rxd1+ 24. Rxd1 Re8 25. h4 Qe7 26. h5 Qxa3 0-1


[Site "https://www.chess.com"]

[Event "Titled Tuesday Blitz January 17 Early 2023"]
[White "Petrova, Irina"]
[Black "Parpiev, Isaak"]
[WhiteFideId "14124122"]
[BlackFideId "34281576"]
[WhiteElo "2108"]
[BlackElo "2167"]
[Result "0-1"]
[Round "09"]
[TimeControl "180+2"]
[Date "2023.01.17"]
[WhiteClock "0:01:45"]
[BlackClock "0:00:46"]

1. e4 c5 2. Nf3 d6 3. Bb5+ Nd7 4. O-O Nf6 5. Re1 a6 6. Bf1 e6 7. c3 Be7 8. d4 O-O 9. a4 b6 10. Nbd2 Bb7 11. b3 cxd4 12. cxd4 d5 13. e5 Ne4 14. Nxe4 dxe4 15. Nd2 f5 16. exf6 Nxf6 17. Bb2 Rc8 18. Nc4 Bb4 19. Re3 Bd5 20. Ne5 a5 21. Bc4 Nd7 22. Qg4 Nxe5 23. dxe5 Bc5 24. Rg3 Bxf2+ 25. Kh1 Bxg3 26. hxg3 Qe8 27. Bxd5 exd5 28. e6 Qg6 29. Qxg6 hxg6 30. Bd4 Rc6 31. e7 Re8 0-1


[Site "https://www.chess.com"]

[Event "Titled Tuesday Blitz January 17 Early 2023"]
[White "Padmini, Rout"]
[Black "Todorovic, Bojan"]
[WhiteFideId "5029295"]
[BlackFideId "917087"]
[WhiteElo "2375"]
[BlackElo "2195"]
[Result "1-0"]
[Round "09"]
[TimeControl "180+2"]
[Date "2023.01.17"]
[WhiteClock "0:00:43"]
[BlackClock "0:00:17"]

1. e4 g6 2. d4 Bg7 3. Nc3 d6 4. Bg5 a6 5. Qd2 Nc6 6. d5 Ne5 7. f4 Nd7 8. Nf3 b5 9. Nd4 Bb7 10. Nc6 Bxc6 11. dxc6 Nc5 12. b4 Ne6 13. Bh4 Nf6 14. O-O-O Bh6 15. g3 Bg7 16. Bxf6 Bxf6 17. Nd5 O-O 18. h4 a5 19. f5 Ng7 20. Nxf6+ exf6 21. Bxb5 axb4 22. Bc4 d5 23. Qxd5 Qe7 24. fxg6 hxg6 25. Rhe1 Rfd8 26. Qb5 Rdb8 27. Rd7 Qf8 28. Rxf7 Qxf7 29. Bxf7+ Kxf7 30. Qd5+ Kf8 31. e5 f5 32. e6 Rd8 33. e7+ 1-0


[Site "https://www.chess.com"]

[Event "Titled Tuesday Blitz January 17 Early 2023"]
[White "Sohier, Julien"]
[Black "Vovk, Orest"]
[WhiteFideId "645346"]
[BlackFideId "14113490"]
[WhiteElo "2214"]
[BlackElo "2315"]
[Result "0-1"]
[Round "09"]
[TimeControl "180+2"]
[Date "2023.01.17"]
[WhiteClock "0:00:02"]
[BlackClock "0:00:06"]

1. e4 g5 2. d4 g4 3. Nc3 h5 4. Be3 Bg7 5. Qd2 c5 6. O-O-O cxd4 7. Bxd4 Bxd4 8. Qxd4 Nf6 9. Nd5 Rh6 10. Qe3 Rg6 11. Bd3 Nxd5 12. exd5 Rg8 13. Ne2 d6 14. Qh6 Rf8 15. Qxh5 Qa5 16. Nc3 Nd7 17. Qxg4 Ne5 18. Qa4+ Qxa4 19. Nxa4 Bd7 20. Nc3 Kd8 21. h3 Rc8 22. f4 Ng6 23. g3 f5 24. h4 Nh8 25. Ne2 Nf7 26. Nd4 Nh6 27. Rhe1 Rc5 28. Ne6+ Bxe6 29. dxe6 Rg8 30. Re3 Ng4 31. Rf3 Nh2 32. Re3 Ng4 33. Re2 Nh6 34. Rg1 Rg6 35. b3 Rd5 36. Ree1 Rd4 37. Kd2 Ke8 38. c3 Rd5 39. c4 Ra5 40. a4 Kf8 41. Kc3 Ra6 42. Bc2 Kg7 43. Kd4 Kf6 44. Bd1 Rc6 45. Bf3 Rc7 46. a5 Rc5 47. b4 Rc7 48. b5 b6 49. axb6 axb6 50. Re2 Ra7 51. Bd5 Ra3 52. Re3 Ra2 53. Rd3 Ng4 54. Rf3 Rg8 55. Rd3 Rc8 56. Rdd1 Ra3 57. Ra1 Rb3 58. Rgb1 Rxg3 59. Ra6 Nf2 0-1


[Site "https://www.chess.com"]

[Event "Titled Tuesday Blitz January 17 Early 2023"]
[White "Reprintsev, Alexander"]
[Black "Player, Edmund C"]
[WhiteFideId "14100541"]
[BlackFideId "406520"]
[WhiteElo "2253"]
[BlackElo "2204"]
[Result "1-0"]
[Round "09"]
[TimeControl "180+2"]
[Date "2023.01.17"]
[WhiteClock "0:01:15"]
[BlackClock "0:00:06"]

1. e4 e5 2. f4 exf4 3. Bc4 Nc6 4. d4 g5 5. Nc3 Bg7 6. h4 Nxd4 7. Nf3 Nxf3+ 8. Qxf3 h6 9. hxg5 hxg5 10. Rxh8 Bxh8 11. Qh5 Bxc3+ 12. bxc3 Qf6 13. Bd2 d6 14. O-O-O Be6 15. Bxe6 Qxe6 16. Qxg5 Ne7 17. Qb5+ Kd8 18. Qxb7 Rc8 19. Rh1 Kd7 20. Bxf4 Nc6 21. Qb3 Qxe4 22. Qxf7+ Ne7 23. Bd2 Rb8 24. Re1 Qh4 25. g3 1-0


[Site "https://www.chess.com"]

[Event "Titled Tuesday Blitz January 17 Early 2023"]
[White "sabkeIXO"]
[Black "Bas Mas, Jose Joaquin"]
[BlackFideId "22219064"]
[WhiteElo "2481"]
[BlackElo "2197"]
[Result "1-0"]
[Round "09"]
[TimeControl "180+2"]
[Date "2023.01.17"]
[WhiteClock "0:00:23"]
[BlackClock "0:00:14"]

1. e4 Nf6 2. e5 Nd5 3. d4 d6 4. Nf3 dxe5 5. dxe5 Bg4 6. Bc4 e6 7. O-O Nc6 8. Re1 Bc5 9. h3 h5 10. a3 Qe7 11. b4 Bb6 12. Bxd5 O-O-O 13. c4 exd5 14. c5 Bxc5 15. bxc5 Qxc5 16. Bf4 g5 17. Bxg5 Rdg8 18. h4 Bxf3 19. Qxf3 Nd4 20. Qh3+ Kb8 21. Nd2 Ne6 22. Rec1 Nxg5 23. hxg5 Qe7 24. Nf3 h4 25. a4 Rd8 26. Rab1 d4 27. Rd1 d3 28. Qf5 Qa3 29. Kh2 h3 30. gxh3 Rhe8 31. Qe4 b6 32. Rd2 Qc5 33. Rbd1 Rd5 34. Kg2 Rdxe5 35. Nxe5 Rxe5 36. Qxd3 Qc6+ 37. Kh2 Rxg5 38. f3 Qg6 39. Qxg6 Rxg6 40. Rd8+ Kb7 41. R1d7 Rf6 42. Re7 Rxf3 43. Rdd7 a5 44. Rxc7+ Kb8 45. Rcd7 Kc8 46. Rxf7 Rxf7 47. Rxf7 Kd8 48. Rg7 Ke8 49. Rb7 1-0


[Site "https://www.chess.com"]

[Event "Titled Tuesday Blitz January 17 Early 2023"]
[White "Bommini, Mounika Akshaya"]
[Black "Vagman, Roy"]
[WhiteFideId "25019872"]
[BlackFideId "2828995"]
[WhiteElo "2118"]
[BlackElo "2273"]
[Result "1-0"]
[Round "09"]
[TimeControl "180+2"]
[Date "2023.01.17"]
[WhiteClock "0:01:19"]
[BlackClock "0:01:43"]

1. d4 Nf6 2. Bf4 d6 3. Nc3 g6 4. e4 Bg7 5. Qd2 Nc6 6. O-O-O O-O 7. h4 h5 8. Bh6 Bh8 9. Bxf8 Qxf8 10. Nf3 Bg7 11. Ng5 e5 12. Bc4 exd4 13. Nb5 Ne5 14. Bb3 c5 15. f4 Nc6 16. Nxf7 Kh7 17. Nbxd6 Bg4 18. Ng5+ Kh8 19. Ndf7+ Kg8 20. Ne5+ Kh8 21. Nxg6# 1-0


[Site "https://www.chess.com"]

[Event "Titled Tuesday Blitz January 17 Early 2023"]
[White "Vaglio Munoz, Jaime"]
[Black "Jimenez, Joaquin"]
[WhiteFideId "6500145"]
[BlackFideId "109860"]
[WhiteElo "2174"]
[BlackElo "2195"]
[Result "0-1"]
[Round "09"]
[TimeControl "180+2"]
[Date "2023.01.17"]
[WhiteClock "0:01:11"]
[BlackClock "0:00:17"]

1. d4 Nf6 2. c4 g6 3. g4 d5 4. g5 Ne4 5. cxd5 Qxd5 6. Bg2 Qa5+ 7. Nd2 Nxg5 8. h4 Ne6 9. d5 Nf4 10. Bf3 Nxd5 11. a3 Bg7 12. Rb1 Nf6 13. b4 Qf5 14. e4 Qd7 15. Bb2 O-O 16. Ne2 Nc6 17. Nc4 Qxd1+ 18. Rxd1 Be6 19. Ne3 Rfd8 20. Nf4 Bb3 21. Rc1 Bh6 22. Nfd5 Bxe3 23. Nxf6+ exf6 24. fxe3 Ne5 25. Bxe5 fxe5 26. Rxc7 b6 27. Ke2 a5 28. b5 Rac8 29. Rhc1 Rxc7 30. Rxc7 Ba4 31. Kf2 Bxb5 32. Rb7 Rd6 33. h5 Kg7 34. Bd1 Bd3 35. Bb3 Rf6+ 36. Ke1 Bxe4 37. a4 Bxb7 38. hxg6 hxg6 39. Ke2 Rd6 40. Bc4 Bd5 41. Bb5 e4 42. Kd2 Kf6 43. Kc3 Ke5 44. Be8 Bc6 45. Bxf7 Bxa4 46. Bxg6 b5 47. Bh5 Rd3+ 48. Kb2 Rxe3 49. Bg4 Kd4 50. Kc1 Rg3 51. Bh5 Rg2 52. Kb1 Rh2 53. Bg4 Kc3 54. Bd1 Bxd1 55. Ka1 Bb3 56. Kb1 Rh1# 0-1


[Site "https://www.chess.com"]

[Event "Titled Tuesday Blitz January 17 Early 2023"]
[White "Tokhirjonova, Gulrukhbegim"]
[Black "Tarnowska, Aleksandra"]
[WhiteFideId "14203626"]
[BlackFideId "1180967"]
[WhiteElo "2340"]
[BlackElo "1835"]
[Result "1-0"]
[Round "09"]
[TimeControl "180+2"]
[Date "2023.01.17"]
[WhiteClock "0:00:14"]
[BlackClock "0:00:02"]

1. e4 c5 2. Nc3 d6 3. f4 g6 4. d3 Bg7 5. Nf3 Nc6 6. Be2 a6 7. O-O b5 8. Be3 b4 9. Na4 Qa5 10. c3 bxc3 11. Nxc3 Rb8 12. Rb1 Nf6 13. e5 Ng4 14. Bd2 dxe5 15. fxe5 Ngxe5 16. Ne4 O-O 17. Bxa5 Nxa5 18. Qc2 Bf5 19. Qxc5 Rb5 20. Qc2 Rc8 21. Qd2 Ng4 22. Kh1 Rd8 23. Ng3 Be6 24. d4 Bh6 25. Qc3 Rc8 26. Bxb5 Rxc3 27. bxc3 axb5 28. Rxb5 Nc4 29. h3 Nge3 30. Rfb1 Na3 31. Rb8+ Kg7 32. R1b7 Bf4 33. Ne4 Bd5 34. Nc5 Bxb8 35. Rxb8 Nac4 36. Rd8 e6 37. a4 Nd1 38. Nb3 Nce3 39. Nbd2 Nf5 40. a5 Ng3+ 41. Kg1 Ne2+ 42. Kh2 Nexc3 43. a6 Nb5 44. Rb8 Nc7 45. a7 1-0


[Site "https://www.chess.com"]

[Event "Titled Tuesday Blitz January 17 Early 2023"]
[White "Warchol, Kamil"]
[Black "Goltseva, Ekaterina"]
[WhiteFideId "21858241"]
[BlackFideId "24173770"]
[WhiteElo "2173"]
[BlackElo "2283"]
[Result "0-1"]
[Round "09"]
[TimeControl "180+2"]
[Date "2023.01.17"]
[WhiteClock "0:00:01"]
[BlackClock "0:00:17"]

1. e4 e6 2. d4 d5 3. Nd2 Nc6 4. Ngf3 dxe4 5. Nxe4 Nf6 6. Bd3 Be7 7. O-O O-O 8. c3 b6 9. Qe2 Bb7 10. Re1 Re8 11. Neg5 Bd6 12. b4 e5 13. d5 Ne7 14. c4 h6 15. Ne4 Nxe4 16. Bxe4 f5 17. Bc2 Bxb4 18. Bd2 Bxd2 19. Qxd2 e4 20. Nd4 Bc8 21. Qc3 Qd6 22. Nb5 Qc5 23. a4 c6 24. dxc6 Qxc6 25. Rad1 Bb7 26. Nd6 Red8 27. Nxb7 Qxb7 28. Bb3 Kh7 29. Qe5 Rac8 30. g3 Rc5 31. Qe6 Rxd1 32. Rxd1 Rc7 33. Rd6 Qc8 34. Qxc8 Nxc8 35. Rd5 g6 36. Re5 Nd6 37. Rd5 Nb7 38. Re5 Nc5 39. Bc2 Kg7 40. Rd5 Kf6 41. Rd6+ Kf7 42. Rd5 Rd7 43. Kf1 Rxd5 44. cxd5 Ke7 45. Bb1 Kd6 46. a5 Kxd5 47. axb6 axb6 48. Ba2+ Ke5 49. Ke2 b5 50. Ke3 b4 51. f4+ exf3 52. Kxf3 b3 53. Bb1 Kd4 54. Kf4 Ne4 55. g4 Nd2 56. gxf5 g5+ 57. Kg4 Ke5 0-1


[Site "https://www.chess.com"]

[Event "Titled Tuesday Blitz January 17 Early 2023"]
[White "Khamdamova, Afruza"]
[Black "Jiganchine, Roman"]
[WhiteFideId "14210444"]
[BlackFideId "2603667"]
[WhiteElo "2162"]
[BlackElo "2205"]
[Result "1-0"]
[Round "09"]
[TimeControl "180+2"]
[Date "2023.01.17"]
[WhiteClock "0:00:22"]
[BlackClock "0:00:02"]

1. e4 e5 2. Nf3 Nc6 3. Bb5 a6 4. Ba4 b5 5. Bb3 Na5 6. O-O Bb7 7. Nxe5 Nxb3 8. axb3 Nf6 9. d3 d5 10. exd5 Qxd5 11. Nf3 O-O-O 12. Nc3 Qh5 13. Bf4 g5 14. Nxg5 Qg6 15. Qe2 Rg8 16. f3 Bc5+ 17. Kh1 Rde8 18. Nge4 Nh5 19. Qd2 Bd4 20. g4 Nxf4 21. Qxf4 h5 22. Qf5+ Qxf5 23. gxf5 b4 24. Ne2 Bxb2 25. Ra5 Be5 26. Rg1 Rxg1+ 27. Kxg1 Rg8+ 28. Kh1 Bb2 29. f6 Rg6 30. Rxh5 Bxf6 31. Nf4 Bxe4 32. fxe4 Rg8 33. Rf5 Bd4 34. h4 Rg1+ 35. Kh2 Rc1 36. Rxf7 Be5 37. Kh3 Rxc2 38. Nd5 Rh2+ 39. Kg4 Rg2+ 40. Kf3 Rh2 41. Re7 Bd6 42. Re8+ Kb7 43. Kg4 Rg2+ 44. Kf5 Rf2+ 45. Ke6 Rg2 46. Rh8 Rg6+ 47. Nf6 Rg3 48. h5 Rxd3 49. e5 Re3 50. Nd7 Kc6 51. h6 1-0


[Site "https://www.chess.com"]

[Event "Titled Tuesday Blitz January 17 Early 2023"]
[White "Shuvalov, Evgenij"]
[Black "Topalov, Aleksandar"]
[WhiteFideId "4187237"]
[BlackFideId "925659"]
[WhiteElo "2038"]
[BlackElo "2233"]
[Result "1-0"]
[Round "09"]
[TimeControl "180+2"]
[Date "2023.01.17"]
[WhiteClock "0:00:20"]
[BlackClock "0:01:01"]

1. d4 Nf6 2. c4 c5 3. d5 d6 4. Nc3 g6 5. e4 Bg7 6. h3 O-O 7. Nf3 Na6 8. Bd3 Nc7 9. O-O e5 10. Ne1 Nh5 11. Be2 Nf4 12. Nd3 Qh4 13. Bxf4 exf4 14. e5 dxe5 15. Nxc5 b6 16. d6 bxc5 17. dxc7 Be6 18. Nb5 e4 19. Nd6 f3 20. gxf3 Bxh3 21. Nxe4 Be5 22. Bd3 f5 23. Re1 Rae8 24. Qd2 fxe4 25. Rxe4 Bf5 26. Rxh4 1-0


[Site "https://www.chess.com"]

[Event "Titled Tuesday Blitz January 17 Early 2023"]
[White "Novikov, Evgenij"]
[Black "Fernandez Siles, Luis"]
[WhiteFideId "4125380"]
[BlackFideId "2209420"]
[WhiteElo "2276"]
[BlackElo "2218"]
[Result "1-0"]
[Round "09"]
[TimeControl "180+2"]
[Date "2023.01.17"]
[WhiteClock "0:00:14"]
[BlackClock "0:00:01"]

1. e4 c5 2. d4 cxd4 3. c3 Nf6 4. e5 Nd5 5. cxd4 Nc6 6. Nc3 Nxc3 7. bxc3 d5 8. Bd3 g6 9. Nf3 Bg4 10. h3 Bxf3 11. Qxf3 Bg7 12. h4 f6 13. h5 fxe5 14. hxg6 Rf8 15. Qh5 h6 16. Bxh6 Rh8 17. Bxg7 Rxh5 18. Rxh5 Qa5 19. Rc1 O-O-O 20. dxe5 d4 21. Bf5+ Kb8 22. e6 dxc3 23. Bxc3 Qa3 24. Bd2 Qd6 25. Rd1 Nd4 26. Bg4 Nxe6 27. Bf4 Nxf4 28. Rxd6 exd6 29. Rg5 Re8+ 30. Kf1 Rg8 31. g7 Kc7 32. g3 1-0


[Site "https://www.chess.com"]

[Event "Titled Tuesday Blitz January 17 Early 2023"]
[White "Begunov, Konstantin"]
[Black "Carrasco Miranda, Andres"]
[WhiteFideId "4118510"]
[BlackFideId "3405990"]
[WhiteElo "2325"]
[BlackElo "2240"]
[Result "0-1"]
[Round "09"]
[TimeControl "180+2"]
[Date "2023.01.17"]
[WhiteClock "0:00:07"]
[BlackClock "0:00:29"]

1. d4 Nf6 2. c4 g6 3. f3 d5 4. cxd5 Nxd5 5. e4 Nb6 6. Nc3 Bg7 7. Be3 e5 8. d5 c6 9. d6 O-O 10. Qd2 Be6 11. O-O-O N8d7 12. h4 Nf6 13. Bh6 Qd7 14. h5 Rad8 15. Bxg7 Kxg7 16. hxg6 fxg6 17. Qh6+ Kg8 18. Nh3 Bxh3 19. Rxh3 Qg7 20. Qg5 Nh5 21. a4 Rd7 22. a5 Nc8 23. Bc4+ Kh8 24. Rdh1 Nxd6 25. Be6 Re7 26. Bg4 Nf7 27. Qe3 Nf4 28. Rxh7+ Qxh7 29. Rxh7+ Kxh7 30. g3 Nh5 31. Bxh5 gxh5 32. Qxa7 Rg8 33. Qc5 Re6 34. Qc4 Rf6 35. f4 Rxg3 36. f5 h4 37. Qc5 h3 38. Qf2 Rh6 39. Qxg3 h2 40. f6 h1=Q+ 41. Kc2 Qh2+ 42. Qxh2 Rxh2+ 43. Kb3 Rf2 44. Na4 Rxf6 45. Nc5 Rf3+ 46. Kc4 Kg6 47. Nxb7 Rf4 48. Nc5 Nd6+ 49. Kb3 Rf3+ 50. Kb4 Rf1 51. a6 Ra1 52. Na4 Nb5 53. Ka5 Nc7 54. a7 Na8 55. b3 Kg5 56. Ka6 Rh1 57. Kb7 Rh8 58. Kxc6 Kf4 59. b4 Kxe4 60. b5 Rh7 61. b6 Nxb6 62. Nxb6 Rxa7 63. Nc4 Ra8 64. Kc5 Rc8+ 65. Kb4 Rxc4+ 66. Kxc4 Kf3 67. Kd3 e4+ 68. Kd2 Kf2 69. Kd1 e3 0-1


[Site "https://www.chess.com"]

[Event "Titled Tuesday Blitz January 17 Early 2023"]
[White "Horcajuelo Rocamora, Martin"]
[Black "Hoffmann, Asa"]
[WhiteFideId "24573027"]
[BlackFideId "2001470"]
[WhiteElo "2107"]
[BlackElo "2185"]
[Result "0-1"]
[Round "09"]
[TimeControl "180+2"]
[Date "2023.01.17"]
[WhiteClock "0:00:14"]
[BlackClock "0:01:14"]

1. e4 d6 2. d4 Nf6 3. Nc3 c6 4. e5 dxe5 5. dxe5 Qxd1+ 6. Kxd1 Ng4 7. Ke1 Nxe5 8. Bf4 Ng6 9. Bg3 Bf5 10. Bd3 Bxd3 11. cxd3 e6 12. Nge2 Nd7 13. Rd1 Bb4 14. a3 Ba5 15. Kd2 O-O-O 16. Kc2 Bc7 17. d4 Nf6 18. f3 h5 19. Bxc7 Kxc7 20. Rhe1 Nd5 21. Nxd5+ Rxd5 22. Nc3 Rf5 23. Ne4 h4 24. h3 Rd8 25. Rd2 Nf4 26. Nc3 Rg5 27. Ne4 Rxg2 28. Rxg2 Nxg2 29. Rg1 Ne3+ 30. Kc3 Nf5 31. Ng5 Rd7 32. Rg4 g6 33. Nh7 b6 34. Nf6 Rd8 35. Re4 Kd6 36. Rg4 Ke7 37. Ne4 Rxd4 38. Rg1 c5 39. Re1 Nd6 40. b4 Nxe4+ 41. fxe4 e5 42. bxc5 bxc5 43. Rb1 Rxe4 44. Rb7+ Ke6 45. Rxa7 f5 46. a4 f4 47. a5 f3 48. a6 f2 0-1


[Site "https://www.chess.com"]

[Event "Titled Tuesday Blitz January 17 Early 2023"]
[White "Krstulovic, Alex"]
[Black "Mrudul Dehankar"]
[WhiteFideId "760056"]
[BlackFideId "25096990"]
[WhiteElo "2428"]
[BlackElo "2030"]
[Result "0-1"]
[Round "09"]
[TimeControl "180+2"]
[Date "2023.01.17"]
[WhiteClock "0:01:33"]
[BlackClock "0:00:19"]

1. e4 c6 2. d4 d5 3. e5 Bf5 4. Nc3 e6 5. g4 Bg6 6. Nge2 c5 7. Be3 Nc6 8. dxc5 Nxe5 9. Nd4 Nd7 10. b4 h5 11. gxh5 Bxh5 12. Be2 Ngf6 13. Bxh5 Rxh5 14. Qe2 a5 15. c6 bxc6 16. Nxc6 Qc7 17. b5 Bb4 18. Bd4 Rh4 19. Bxf6 Nxf6 20. Qe3 d4 21. Qg5 Bxc3+ 22. Kf1 Rg4 23. Qc5 Bxa1 24. b6 Qd7 25. h4 Rc8 0-1


[Site "https://www.chess.com"]

[Event "Titled Tuesday Blitz January 17 Early 2023"]
[White "Vasques, Antonio Pedro Freixial"]
[Black "Sanchez, Robert"]
[WhiteFideId "1908332"]
[BlackFideId "2034360"]
[WhiteElo "2214"]
[BlackElo "1966"]
[Result "0-1"]
[Round "09"]
[TimeControl "180+2"]
[Date "2023.01.17"]
[WhiteClock "0:00:33"]
[BlackClock "0:00:46"]

1. Nf3 d5 2. g3 e6 3. Bg2 Nf6 4. O-O Be7 5. c4 c6 6. d4 O-O 7. Nbd2 Nbd7 8. Qc2 b6 9. e4 dxe4 10. Nxe4 Bb7 11. Rd1 Qc8 12. Nxf6+ Nxf6 13. c5 Nd5 14. Ne5 f6 15. Nd3 Qe8 16. Nf4 Nxf4 17. Bxf4 e5 18. Be3 exd4 19. Bxd4 Bd8 20. Rd2 Rc8 21. Rad1 Qf7 22. b3 f5 23. Bf1 Kh8 24. f4 Bf6 25. Bf2 Rcd8 26. Bc4 Qg6 27. cxb6 axb6 28. Bxb6 Rxd2 29. Qxd2 c5 30. Bd5 Bd4+ 31. Kf1 Qxb6 32. Qg2 Qa6+ 33. Ke1 Re8+ 34. Kd2 Qxa2+ 0-1


[Site "https://www.chess.com"]